 Dungeon Crawl Stone Soup version 0.23.2-11-gf996548c65 (webtiles) character file.

Game seed: 4425471452469424329

8059 troglodite the Covered (level 11, -1/124 HPs)
             Began as a Demonspawn Berserker on June 4, 2019.
             Was a High Priest of Trog.
             Splashed by Psyche's acid (9 damage)
             ... on level 9 of the Dungeon.
             The game lasted 00:31:43 (12551 turns).

troglodite the Covered (Demonspawn Berserker)      Turns: 12551, Time: 00:31:44

Health: -1/124     AC:  7    Str: 22    XL:     11   Next: 4%
Magic:  14/14      EV: 13    Int:  8    God:    Trog [*****.]
Gold:   424        SH:  0    Dex: 17    Spells: 10/10 levels left

rFire    + . .     SeeInvis .   F - +7 war axe (vamp)
rCold    . . .     Gourm    .   (no shield)
rNeg     . . .     Faith    .   D - +3 scale mail {rPois}
rPois    +         Spirit   .   (no helmet)
rElec    +         Reflect  .   u - scarf {cloud immunity}
rCorr    .         Harm     .   (no gloves)
MR       .....                  (no boots)
Stlth    ..........             (no amulet)
HPRegen  0.30/turn              m - ring of protection from fire
MPRegen  0.14/turn              I - ring "Amut" {rElec Stlth+}

@: berserking, corroded, hasted, very quick
A: hooves 2, nightstalker 3, powered by death 2
a: Berserk, Trog's Hand, Brothers in Arms, Renounce Religion


You were on level 9 of the Dungeon.
You worshipped Trog.
Trog was extremely pleased with you.
You were not hungry.

You visited 1 branch of the dungeon, and saw 9 of its levels.

You collected 633 gold pieces.
You spent 209 gold pieces at shops.

Inventory:

Hand Weapons
 v - a +4 hand axe of flaming
 F - a +7 vampiric war axe (weapon)
Armour
 u - a scarf of cloud immunity (worn)
 B - a +0 plate armour
 D - a +3 scale mail of poison resistance (worn)
Jewellery
 m - a ring of protection from fire (left hand)
 y - an uncursed ring of flight
 G - an uncursed ring of protection from cold
 I - the ring "Amut" (right hand) {rElec Stlth+}
   (You found it on level 9 of the Dungeon)

   [ring of stealth]

   It insulates you from electricity.
   It makes you more stealthy.
Wands
 s - a wand of random effects (30)
 x - a wand of iceblast (10)
 C - a wand of polymorph (6)
 E - a wand of enslavement (6)
 L - a wand of flame (11)
Scrolls
 a - a scroll of noise {unknown}
 d - 6 scrolls of remove curse
 e - 2 scrolls of magic mapping
 g - 2 scrolls of fog {unknown}
 h - a scroll of random uselessness {unknown}
 j - a scroll of enchant armour {unknown}
 k - a scroll of amnesia {unknown}
 t - 2 scrolls of fear
 w - 4 scrolls of teleportation
 H - 4 scrolls of immolation {unknown}
 J - 3 scrolls of identify
Potions
 b - 3 potions of mutation
 f - 2 potions of ambrosia {unknown}
 i - 2 potions of lignification
 l - a potion of flight {unknown}
 n - 2 potions of cancellation {unknown}
 o - 3 potions of might {unknown}
 p - 3 potions of haste {unknown}
 q - 3 potions of curing
 r - 2 potions of berserk rage {unknown}
 z - a potion of agility {unknown}
 A - 4 potions of heal wounds
Comestibles
 c - 7 rations


   Skills:
 * Level 6.9 Fighting
   Level 7.0 Long Blades
 * Level 7.2 Axes
 * Level 7.7 Armour
 + Level 4.3 Dodging
 * Level 5.0 Stealth
 * Level 5.0 Evocations


You had 10 spell levels left.
You didn't know any spells.
Your spell library was empty.

Dungeon Overview and Level Annotations

Branches:
Dungeon (9/15)             Temple (0/1) D:4
   Lair: D:8-11         Orc: D:9-12

Altars:
Cheibriados
Gozag
Makhleb
Ru
Trog
Uskayaw
Xom
Zin

Shops:
D:5 !

Annotations:
D:9 Psyche


Innate Abilities, Weirdness & Mutations

You have hoof-like feet.
You are completely attuned to the shadows.
You regenerate health from kills.


Message History

Psyche points at you and mumbles some strange words.
The puff of flame misses you.
You closely miss Psyche. Your kick misses Psyche.
Psyche is moderately wounded.
Psyche looks encouraged for a moment.
You barely miss Psyche.
Psyche is moderately wounded.
Psyche barely misses you.
You hit Psyche.
You feel better.
Psyche is heavily wounded.
Psyche zaps a wand.
The bolt of acid hits you!!
* * * LOW HITPOINT WARNING * * *
You are splashed with acid!!
* * * LOW HITPOINT WARNING * * *
You closely miss Psyche. Your kick misses Psyche.
Psyche is heavily wounded.
Psyche zaps a wand.
The bolt of acid hits you.
* * * LOW HITPOINT WARNING * * *
You are splashed with acid!
You die...

#.# ..#.....#######.# #..# #
#.### ..#...## #.###..####
#...# #.#.(# #.....###.. #...##
#....# ##.####(..## ..#..#
#...########..###...##
..##.######............##.....#
#.##..............# #........#
#.##.............##
##...###..##
#...[...........@### #..## #...
#................@.#####.#
##..#
...)..####...........###.#
#.### ......#
##.......###.....####.#
###...###........# ###....##..#
# #..#........##.## ##.......#
#..###.....####.####........###
#.###.#...#####.##..####.###.#.
#.##.###........[.### #.# ##.#


You could see Psyche.

Vanquished Creatures
  A two-headed ogre (D:8)
  The ghost of Grendash the Fighter, a novice GrFi of Makhleb (D:8)
  Pikel (D:7)
  Grinder (D:4)
  2 hippogriffs (D:7)
  6 yaks (D:9)
  A wyvern (D:9)
  Menkaure (D:4)
  Edmund (D:4)
  3 water moccasins
  Duvessa (D:7)
  An eye of draining (D:8)
  2 slaves (D:7)
  2 orc warriors
  2 black bears (D:8)
  3 phantoms
  A sky beast (D:6)
  3 ogres
  2 centaurs (D:6)
  4 bullfrogs
  2 big kobolds
  2 wyvern skeletons
  3 scorpions
  Dowan (D:7)
  14 killer bees
  2 howler monkeys
  2 crimson imps
  A bullfrog zombie (D:6)
  6 hounds
  10 orc priests
  2 jellies
  2 bullfrog skeletons
  3 centaur skeletons (D:9)
  2 iguanas
  Ijyb (D:3)
  7 orc wizards
  3 worker ants
  Natasha (twice) (D:3)
  A killer bee zombie (D:6)
  2 hound zombies (D:8)
  2 hound skeletons (D:6)
  2 worker ant zombies
  4 gnolls (D:2)
  11 adders
  3 shadow imps
  An ooze (D:2)
  An adder zombie (D:7)
  An adder skeleton (D:4)
  A worm (D:2)
  5 dart slugs
  4 leopard geckos
  36 orcs
  4 bats
  4 giant cockroaches
  11 goblins
  9 hobgoblins
  17 jackals
  4 quokkas
  A ball python (D:1)
  4 frilled lizards
  14 kobolds
  2 leopard gecko zombies
  5 rats
253 creatures vanquished.

Vanquished Creatures (others)
  A slave (D:7)
  An adder skeleton (D:7)
2 creatures vanquished.

Grand Total: 255 creatures vanquished

Notes
Turn   | Place    | Note
-------+----------+-------------------------------------------
     0 | D:1      | troglodite the Demonspawn Berserker began the quest for the
                  | Orb.
     0 | D:1      | Reached XP level 1. HP: 18/18 MP: 1/1
   610 | D:1      | Gained mutation: You regenerate a little health from kills.
                  | [demonic ancestry]
   610 | D:1      | Reached XP level 2. HP: 23/24 MP: 2/2
   773 | D:1      | Reached ** piety under Trog
   945 | D:1      | Gained mutation: You have large cloven feet. [demonic
                  | ancestry]
   945 | D:1      | Reached XP level 3. HP: 29/29 MP: 3/3
  1438 | D:2      | Reached XP level 4. HP: 35/35 MP: 4/4
  2352 | D:2      | Reached XP level 5. HP: 22/42 MP: 5/5
  2716 | D:3      | Reached *** piety under Trog
  2877 | D:3      | Noticed Ijyb
  2880 | D:3      | Noticed Natasha
  2884 | D:3      | Killed Ijyb
  2887 | D:3      | Killed Natasha
  3010 | D:3      | Found a faded altar of an unknown god.
  3077 | D:3      | Gained mutation: You are slightly more attuned to the
                  | shadows. [demonic ancestry]
  3077 | D:3      | Reached XP level 6. HP: 48/48 MP: 6/6
  3421 | D:3      | Noticed Natasha
  3429 | D:3      | Killed Natasha
  3752 | D:4      | Noticed Grinder
  3753 | D:4      | Noticed Menkaure
  3757 | D:4      | Paralysed by Grinder for 2 turns
  3763 | D:4      | Killed Menkaure
  3763 | D:4      | Reached skill level 5 in Long Blades
  3764 | D:4      | Killed Grinder
  3764 | D:4      | Reached skill level 1 in Stealth
  3764 | D:4      | Reached skill level 1 in Evocations
  3764 | D:4      | Gained mutation: You have hoof-like feet. [demonic
                  | ancestry]
  3764 | D:4      | Reached XP level 7. HP: 31/54 MP: 7/7
  4260 | D:4      | Noticed Edmund
  4271 | D:4      | Killed Edmund
  4492 | D:4      | Reached **** piety under Trog
  4574 | D:4      | Gained mutation: You regenerate health from kills. [demonic
                  | ancestry]
  4574 | D:4      | Reached XP level 8. HP: 52/61 MP: 9/9
  4813 | D:4      | Found a staircase to the Ecumenical Temple.
  5787 | D:5      | Entered Level 5 of the Dungeon
  6150 | D:5      | Found a burning altar of Makhleb.
  6154 | D:5      | Found a glowing silver altar of Zin.
  6154 | D:5      | Noticed a balrug
  6154 | D:5      | Noticed an angel
  6519 | D:5      | Found Vaovukat's Distillery.
  6553 | D:5      | Bought 3 potions of heal wounds for 165 gold pieces
  6553 | D:5      | Bought a potion of curing for 33 gold pieces
  6553 | D:5      | Bought a potion of degeneration for 11 gold pieces
  6840 | D:6      | Noticed a +0 dagger
  6840 | D:6      | Noticed a +0 hand axe
  6858 | D:6      | Found a shimmering altar of Xom.
  6890 | D:6      | Reached skill level 5 in Fighting
  6890 | D:6      | Reached skill level 1 in Axes
  7035 | D:6      | Found a hide-covered altar of Uskayaw.
  7040 | D:6      | Reached skill level 5 in Armour
  7053 | D:6      | Gained mutation: You are significantly more attuned to the
                  | shadows. [demonic ancestry]
  7053 | D:6      | Reached XP level 9. HP: 27/68 MP: 11/11
  7828 | D:7      | Noticed Pikel
  7837 | D:7      | Killed Pikel
  8105 | D:7      | Found a snail-covered altar of Cheibriados.
  8289 | D:7      | Noticed Dowan
  8290 | D:7      | Noticed Duvessa
  8295 | D:7      | Killed Dowan
  8304 | D:7      | Killed Duvessa
  8653 | D:7      | Found a sacrificial altar of Ru.
  8653 | D:7      | Found an opulent altar of Gozag.
  9620 | D:8      | Reached XP level 10. HP: 76/76 MP: 12/12
  9622 | D:8      | Reached skill level 5 in Axes
  9814 | D:8      | Found a bloodstained altar of Trog.
  9816 | D:8      | Noticed a two-headed ogre
  9830 | D:8      | Killed a two-headed ogre
 10176 | D:8      | Reached ***** piety under Trog
 10553 | D:8      | Found a runed translucent door.
 10909 | D:8      | Noticed Grendash's ghost (novice GrFi)
 10931 | D:8      | Killed Grendash's ghost
 11966 | D:9      | Got a clouded turquoise ring
 12104 | D:9      | Identified the ring "Amut" {rElec Stlth+} (You found it on
                  | level 9 of the Dungeon)
 12251 | D:9      | Reached skill level 5 in Evocations
 12256 | D:9      | Gained mutation: You are completely attuned to the shadows.
                  | [demonic ancestry]
 12256 | D:9      | Reached XP level 11. HP: 83/83 MP: 14/14
 12256 | D:9      | Reached skill level 5 in Stealth
 12534 | D:9      | Noticed Psyche
 12551 | D:9      | Splashed by Psyche's acid

Skill      XL: |  1  2  3  4  5  6  7  8  9 10 11 |
---------------+----------------------------------+-----
Long Blades    | 3 4 5 6 7 |  7.0
Dodging        | 2 3 4 |  4.3
Armour         | 2 3 5 6 7 |  7.7
Fighting       | 4 5 6 |  6.9
Stealth        | 1 2 4 5 |  5.0
Evocations     | 1 3 5 |  5.0
Axes           | 1 4 7 |  7.2

Action                   |  1- 3 |  4- 6 |  7- 9 | 10-12 || total
-------------------------+-------+-------+-------+-------++-------
Melee: Falchion          |    98 |   146 |   147 |       ||   391
       Kick              |    12 |    52 |   109 |    62 ||   235
       Hand axe          |       |       |   158 |    35 ||   193
       War axe           |       |       |       |   168 ||   168
Invok: Berserk           |     3 |     5 |    14 |     6 ||    28
  Use: Scroll            |       |       |    11 |     5 ||    16
 Stab: Sleeping          |       |       |       |     7 ||     7
       Distracted        |       |       |       |     2 ||     2
  Eat: Chunk             |     4 |    11 |    19 |     4 ||    38
       Ration            |       |       |     4 |     6 ||    10
Armor: Ring mail         |    26 |    34 |       |       ||    60
       Animal skin       |     1 |       |       |       ||     1
       Scale mail        |       |    20 |    76 |    84 ||   180
       Plate armour      |       |       |    87 |       ||    87
Dodge: Dodged            |    67 |   110 |   172 |   116 ||   465
       Rpst.: Falchion   |    22 |    29 |    29 |       ||    80
